Map: [ESL] Inside and Out

Players

Lambo - Winner!

  • Race: Zerg Zerg
  • Spawn Location: 7:00

Krystianer

  • Race: Protoss Protoss
  • Spawn Location: 1:00

Event: DreamHack SC2 Masters 2022 Atlanta (Online)

VOD

Have the link to the VOD?

Description

Time

  • Played on: Oct. 4, 2022, 12:36 p.m.
  • Length: 14:13

All games in this series

Show
View Real Time Build Order
Export as new Build Order

Lambo Zerg - Winner!

Build Orders: Hatch First 

Get SALT Encoding   

  12  0:00  Drone  
  13  0:12  Overlord  
  13  0:17  Drone  
  14  0:30  Drone x2  
  16  0:47  Hatchery  
  15  0:50  Drone  
  15  0:54  Drone  
  17  0:57  Drone  
  18  1:08  Extractor  
  17  1:12  Spawning Pool  
  17  1:16  Drone  
  17  1:19  Drone  
  18  1:27  Drone  
  19  1:39  Drone  
  20  1:49  Drone  
  21  1:59  Queen x2  
  21  2:00  Zergling x2, Overlord  
  26  2:10  Drone  
  26  2:11  Metabolic Boost, Drone  
  28  2:21  Drone x2  
  30  2:33  Hatchery  
  30  2:34  Drone  
  30  2:36  Drone  
  31  2:42  Drone  
  31  2:43  Overlord  
  32  2:51  Queen  
  32  2:58  Drone x2  
  36  3:07  Queen, Overlord  
  36  3:09  Drone x3  
  36  3:12  Drone  
  42  3:16  Drone  
  43  3:20  Overlord  
  43  3:26  Queen, Drone  
  44  3:32  Overlord  
  46  3:35  Drone  
  46  3:40  Roach Warren  
  46  3:42  Zergling x6  
  46  3:46  Drone x3  
  52  3:49  Queen  
  52  3:55  Drone  
  55  3:57  Drone x2  
  55  4:00  Overlord  
  55  4:02  Zergling x4  
  59  4:09  Drone x2  
  61  4:16  Overlord  
  61  4:19  Zergling x8  
  65  4:24  Spore Crawler x2  
  65  4:29  Roach x2  
  65  4:30  Roach  
  68  4:35  Overlord  
  68  4:37  Roach  
  68  4:38  Roach  
  72  4:40  Roach  
  72  4:41  Roach x2  
  72  4:44  Zergling x6  
  83  4:46  Zergling x2  
  83  4:50  Overlord  
  84  4:54  Roach  
  84  4:59  Spore Crawler x2  
  84  5:06  Spore Crawler  
  83  5:07  Drone  
  83  5:08  Drone  
  83  5:11  Zergling x6, Roach  
  90  5:15  Zergling x6, Roach  
  90  5:17  Spore Crawler  
  93  5:29  Spore Crawler  
  93  5:32  Drone x7  
  99  5:40  Drone x2  
  101  5:49  Drone x2  
  103  5:50  Lair  
  103  5:54  Extractor x2  
  103  5:55  Evolution Chamber  
  97  6:00  Drone x4  
  89  6:07  Drone x2  
  85  6:13  Drone  
  85  6:17  Drone  
  85  6:19  Drone  
  85  6:22  Drone  
  86  6:25  Drone  
  86  6:29  Drone  
  86  6:32  Drone  
  89  6:37  Drone, Zerg Missile Weapons Level 1  
  89  6:39  Hatchery, Extractor  
  88  6:40  Extractor  
  88  6:41  Drone  
  88  6:43  Drone  
  89  6:47  Baneling Nest, Drone  
  89  6:50  Drone  
  90  6:55  Drone x4  
  94  7:02  Drone x2  
  94  7:03  Glial Reconstitution  
  94  7:05  Drone x3  
  94  7:06  Drone  
  100  7:11  Roach x2  
  100  7:13  Roach  
  100  7:15  Overlord x2  
  105  7:19  Overlord  
  105  7:23  Overseer, Overlord  
  105  7:25  Overlord  
  105  7:26  Overlord  
  105  7:30  Overlord  
  105  7:31  Overlord  
  105  7:34  Baneling  
  105  7:35  Baneling x8  
  105  7:36  Drone x5  
  110  7:38  Centrifugal Hooks  
  110  7:42  Zergling x6  
  113  7:44  Drone  
  113  7:48  Extractor  
  113  7:55  Drone x7  
  116  7:59  Roach  
  116  8:02  Drone x5  
  116  8:03  Evolution Chamber  
  116  8:05  Roach  
  124  8:08  Ravager  
  124  8:10  Roach  
  124  8:11  Roach  
  124  8:12  Roach x2  
  133  8:18  Roach x3  
  139  8:20  Roach  
  139  8:21  Roach x3  
  139  8:23  Ravager  
  139  8:24  Ravager  
  139  8:26  Roach x3  
  152  8:35  Zergling x10  
  152  8:41  Zergling x4  
  159  8:43  Overlord x3  
  159  8:47  Overlord  
  159  8:48  Zerg Melee Weapons Level 1  
  159  8:49  Zerg Missile Weapons Level 2, Overlord  
  159  8:50  Overlord  
  159  8:53  Overlord  
  159  8:54  Overlord  
  159  8:57  Spine Crawler  
  159  9:01  Overlord  
  159  9:02  Roach x5  
  167  9:06  Drone x2  
  167  9:07  Roach  
  167  9:08  Ravager x2, Spine Crawler  
  171  9:10  Zergling x4  
  171  9:11  Ravager x2  
  171  9:16  Zergling x2  
  171  9:17  Zergling x10  
  181  9:19  Zergling x4  
  181  9:23  Zergling x8  
  186  9:27  Overlord  
  186  9:28  Zergling x8  
  186  9:29  Zergling x2  
  191  9:33  Baneling x8  
  188  9:41  Zergling x14  
  190  9:47  Zergling x8  
  189  9:54  Zergling x12  
  192  10:01  Zergling x10  
  192  10:04  Zergling x6  
  199  10:07  Baneling x24  
  197  10:17  Baneling x6  
  194  10:24  Drone x3  
  194  10:25  Drone x2  
  196  10:29  Zergling x2  
  196  10:30  Zergling x6  
  196  10:34  Hatchery  
  198  10:43  Pneumatized Carapace, Overlord  
  198  10:44  Overseer x2  
  198  10:45  Spore Crawler  
  198  10:46  Drone x2  
  198  10:47  Spine Crawler  
  198  10:48  Baneling x3  
  198  10:51  Zergling x4  
  197  11:08  Zergling x38  
  193  11:12  Zergling x12  
  193  11:17  Spine Crawler x2  
  197  11:22  Roach  
  192  11:35  Roach x6  
  180  11:42  Roach x7  
  186  11:47  Zerg Melee Weapons Level 2  
  186  11:48  Zerg Ground Armor Level 1  
  186  11:53  Roach x4  
  193  11:56  Baneling x13  
  192  12:02  Zergling x2  
  192  12:03  Zergling x4  
  192  12:04  Ravager  
  192  12:05  Ravager  
  192  12:08  Infestation Pit, Drone x3  
  198  12:17  Baneling  
  198  12:18  Baneling x17  
  198  12:22  Spore Crawler, Spine Crawler  
  196  12:27  Zergling x2  
  196  12:28  Zergling x4  
  193  12:39  Zergling x16  
  188  12:44  Zergling x2, Roach x7  
  188  12:49  Roach x9  
  176  12:52  Roach x2  
  176  12:56  Roach x3  
  172  12:58  Baneling x5  
  172  12:59  Baneling  
  172  13:04  Zergling x8  
  170  13:08  Zergling x2  
  171  13:13  Queen x2  
  171  13:14  Drone x3  
  171  13:15  Zergling x2  
  171  13:17  Ravager x3  
  171  13:18  Zergling x2  
  183  13:24  Baneling x7  
  183  13:25  Baneling  
  183  13:27  Zergling x10  
  183  13:33  Zergling x2  
  183  13:34  Zergling x2, Baneling x5  
  190  13:35  Baneling  
  190  13:38  Zergling x6  
  184  13:53  Zergling x16  
Show
View Real Time Build Order
Export as new Build Order

Krystianer Protoss 

Build Orders: 1 Gate Expand, Mass Adepts, Dark Templar Rush 

Get SALT Encoding   

  12  0:00  Probe  
  13  0:12  Probe  
  14  0:18  Pylon  
  14  0:24  Probe (Chrono Boost)  
  15  0:37  Probe (Chrono Boost)  
  15  0:39  Gateway  
  16  0:45  Probe (Chrono Boost)  
  16  0:46  Assimilator  
  17  0:51  Probe  
  18  1:03  Probe  
  19  1:15  Probe  
  20  1:24  Nexus  
  20  1:33  Cybernetics Core  
  20  1:37  Probe  
  21  1:42  Assimilator  
  21  1:49  Probe  
  21  1:51  Pylon  
  23  2:01  Probe  
  23  2:06  Adept (Chrono Boost)  
  23  2:13  Warp Gate, Probe  
  26  2:19  Twilight Council  
  26  2:25  Probe (Chrono Boost)  
  26  2:29  Stalker  
  29  2:35  Probe (Chrono Boost)  
  30  2:38  Probe (Chrono Boost)  
  32  2:45  Probe x2 (Chrono Boost)  
  32  2:50  Probe  
  33  2:51  Robotics Facility  
  33  2:55  Probe  
  35  3:03  Probe  
  36  3:10  Probe  
  36  3:11  Gateway  
  37  3:16  Gateway  
  37  3:19  Gateway  
  37  3:22  Probe  
  37  3:24  Probe  
  37  3:25  Resonating Glaives (Chrono Boost)  
  39  3:27  Adept  
  41  3:37  Warp Prism (Chrono Boost)  
  43  3:43  Probe  
  43  3:46  Pylon  
  43  3:48  Probe  
  45  3:54  Dark Shrine  
  45  3:56  Probe  
  46  4:06  Adept x2  
  46  4:09  Assimilator  
  50  4:10  Pylon  
  50  4:14  Adept  
  50  4:15  Adept  
  54  4:23  Pylon  
  54  4:28  Probe  
  55  4:33  Adept x2  
  55  4:34  Adept  
  55  4:38  Pylon  
  61  4:41  Adept  
  61  4:42  Probe  
  65  4:48  Pylon  
  65  4:53  Adept  
  65  4:54  Adept  
  65  4:57  Probe  
  69  5:04  Probe, Assimilator  
  70  5:15  Dark Templar x3  
  70  5:17  Probe  
  70  5:18  Probe  
  74  5:29  Probe  
  74  5:30  Dark Templar, Probe  
  78  5:41  Probe  
  78  5:42  Probe  
  72  5:53  Probe  
  72  5:54  Nexus, Probe  
  70  6:05  Probe  
  70  6:06  Probe  
  58  6:12  Blink (Chrono Boost)  
  58  6:15  Stalker  
  58  6:16  Stalker x3, Pylon  
  58  6:18  Probe x2  
  64  6:30  Probe x2  
  66  6:36  Forge  
  66  6:39  Shield Battery  
  66  6:41  Stalker x3  
  66  6:42  Probe x2  
  66  6:46  Stalker  
  76  6:54  Probe  
  76  6:56  Gateway x2  
  76  6:58  Probe  
  78  7:04  Stalker x3  
  78  7:06  Protoss Ground Weapons Level 1 (Chrono Boost)  
  84  7:15  Assimilator  
  84  7:16  Observer, Probe, Assimilator  
  84  7:17  Probe  
  84  7:22  Pylon  
  87  7:24  Stalker  
  87  7:27  Stalker x2  
  93  7:33  Stalker  
  93  7:34  Probe  
  97  7:37  Probe  
  97  7:46  Gateway  
  97  7:48  Gateway  
  97  7:50  Gateway  
  97  7:51  Stalker x2  
  97  7:52  Pylon  
  97  7:53  Probe  
  97  7:54  Probe  
  97  7:55  Probe  
  103  7:59  Stalker  
  103  8:03  Pylon  
  105  8:10  Gateway  
  105  8:13  Charge (Chrono Boost)  
  105  8:14  Photon Cannon  
  105  8:19  Templar Archives  
  105  8:21  Probe  
  105  8:22  Probe  
  106  8:35  Stalker x6  
  118  8:44  Observer  
  118  8:45  Psionic Storm  
  118  8:46  Zealot x3  
  125  8:57  Nexus  
  124  9:07  High Templar x3  
  124  9:09  Zealot, Protoss Ground Weapons Level 2 (Chrono Boost)  
  132  9:13  Pylon  
  132  9:14  Pylon  
  132  9:16  Pylon  
  132  9:18  Photon Cannon  
  132  9:35  High Templar x2  
  132  9:36  Zealot x5  
  145  9:40  Zealot x2  
  145  9:42  Probe  
  148  9:48  Probe  
  145  9:53  High Templar  
  143  10:01  Nexus  
  143  10:05  High Templar x2  
  143  10:06  Zealot x5  
  154  10:07  Probe  
  154  10:13  Archon  
  155  10:14  Zealot  
  155  10:17  Pylon  
  155  10:18  Pylon  
  155  10:19  Pylon  
  155  10:20  Pylon  
  153  10:21  Pylon  
  150  10:28  Warp Prism  
  150  10:35  Probe  
  152  10:36  Probe  
  152  10:38  High Templar x4  
  152  10:40  Zealot x4  
  169  10:45  Archon x2  
  169  10:48  Nexus  
  169  10:55  Pylon  
  169  10:56  Pylon  
  169  10:59  Pylon  
  169  11:00  Probe  
  157  11:13  High Templar x4  
  157  11:14  Zealot x4  
  157  11:16  Zealot x2  
  157  11:17  Archon x2  
  159  11:33  Probe  
  159  11:35  Zealot x4  
  155  11:43  Probe x2  
  155  11:44  Zealot x2  
  153  11:49  Probe  
  154  11:55  High Templar x4  
  158  12:03  Archon  
  158  12:04  Archon  
  158  12:05  Zealot x3  
  162  12:12  Gateway  
  162  12:27  High Templar x2  
  162  12:28  Zealot x3  
  172  12:32  Archon  
  168  12:42  Archon x3  
  132  12:47  Stalker x4  
  132  12:50  Zealot x2  
  108  13:01  Probe (Chrono Boost)  
  108  13:05  Probe x2 (Chrono Boost)  
  106  13:09  Probe (Chrono Boost), High Templar x2  
  106  13:10  High Templar  
  106  13:11  Zealot  
  106  13:12  Zealot x3  
  121  13:15  Probe (Chrono Boost), High Templar  
  121  13:18  Probe (Chrono Boost)  
  124  13:20  Probe, Assimilator  
  124  13:21  Probe  
  124  13:23  Probe  
  124  13:24  Assimilator  
  124  13:26  High Templar  
  129  13:28  Probe  
  129  13:31  Shield Battery  
  130  13:39  Stalker x3  
  130  13:40  Probe  
  133  13:41  Probe  
  133  13:42  Probe  
  133  13:48  Probe  
  118  13:52  Probe  
  118  13:53  Probe, Stalker  
  116  13:55  Probe  
  116  13:59  Archon x2  
Tags
 
Add a new tag
Caveats
  • Supply blocks, unpowered buildings, or Contaminate may cause inaccurate times.
  • Supply counts are checked every 10 seconds.